 Dungeon Crawl Stone Soup version 0.30.1-11-g7821555f0a (webtiles) character file.

Game seed: 5143680108093869618

62874 Cheops the Spry (level 14, -3/68 HPs)
             Began as a Deep Elf Hedge Wizard on Dec 19, 2023.
             Was a High Priest of Sif Muna.
             Killed by divine providence
             ... invoked by Saint Roka
              (14 damage)
             ... on level 2 of the Orcish Mines on Dec 20, 2023.
             The game lasted 03:55:16 (43789 turns).

Cheops the Spry (Deep Elf Hedge Wizard)            Turns: 43789, Time: 03:55:16

Health: -3/68      AC: 16    Str:  7    XL:     14   Next: 66%
Magic:  27/32      EV: 20    Int: 25    God:    Sif Muna [*****.]
Gold:   1561       SH:  8    Dex: 14    Spells: 2/37 levels left

rFire   . . .        a - staff of conjuration
rCold   + + .        G - +3 buckler {rC+}
rNeg    . . .        X - +1 leather armour {rC+}
rPois   .            g - +1 helmet
rElec   .            K - +0 cloak
rCorr   .            T - +2 pair of gloves
SInv    .            n - +1 pair of boots
Will    +....        r - amulet of the acrobat
Stlth   ++           x - +4 ring of protection
HPRegen 0.31/turn    Y - ring of wizardry
MPRegen 0.23/turn

%: acrobat, wizardry (x1)
@: no status effects
A: no striking features
a: Renounce Religion, Channel Magic, Forget Spell, Divine Exegesis


You were on level 2 of the Orcish Mines.
You worshipped Sif Muna.
Sif Muna was extremely pleased with you.
You visited 4 branches of the dungeon, and saw 19 of its levels.
You also visited: Ice Cave.

You collected 1928 gold pieces.
You spent 367 gold pieces at shops.

Inventory:

Hand Weapons
 b - a +1 dagger of venom
Armour
 g - a +1 helmet (worn)
 m - an orb of guile
 n - a +1 pair of boots (worn)
 F - a +0 robe of willpower
 G - a +3 buckler of cold resistance (worn)
 K - a +0 cloak (worn)
 L - the +1 robe "Dixirch" {Dex+2 Slay+2}
   (You found it on level 5 of the Dungeon)

   Dex:       It affects your dexterity (+2).
   Slay:      It affects your accuracy & damage with ranged weapons and melee
   (+2).
 T - a +2 pair of gloves (worn)
 X - a +1 leather armour of cold resistance (worn)
Magical Staves
 a - a staff of conjuration (weapon)
 c - a staff of death
 d - a staff of cold
 e - a staff of fire
Jewellery
 l - a ring of protection from fire
 r - an amulet of the acrobat (around neck)
 x - a +4 ring of protection (left hand)
 D - a ring of ice
 E - a ring of ice
 M - a ring of poison resistance
 Y - a ring of wizardry (right hand)
Wands
 t - a wand of digging (3)
 A - a wand of quicksilver (4)
 H - a wand of paralysis (11)
 N - a wand of iceblast (1)
 U - a wand of flame (15)
 W - a wand of polymorph (8)
Scrolls
 i - 3 scrolls of immolation
 j - 4 scrolls of poison
 k - 4 scrolls of amnesia
 p - 2 scrolls of silence
 u - 7 scrolls of blinking
 v - 2 scrolls of summoning
 w - 3 scrolls of teleportation
 y - 2 scrolls of fog
 C - a scroll of fear
 Q - 2 scrolls of vulnerability
 R - a scroll of torment
Potions
 f - 6 potions of mutation {unknown}
 h - 7 potions of might {unknown}
 o - 3 potions of cancellation {unknown}
 q - 3 potions of haste
 s - a potion of ambrosia
 z - 2 potions of experience {unknown}
 I - a potion of heal wounds
 J - 2 potions of magic
 O - a potion of lignification
 P - 3 potions of degeneration {unknown}
 S - 3 potions of flight {unknown}
 V - 2 potions of brilliance {unknown}
 Z - 9 potions of curing {unknown}


   Skills:
 + Level 19.7 Dodging
 - Level 2.4 Stealth
 - Level 4.0 Shields
 - Level 12.0 Spellcasting
 - Level 8.0 Conjurations
 - Level 9.0 Hexes
 - Level 6.1 Summonings
 - Level 1.1 Translocations
 * Level 5.0 Ice Magic
 * Level 4.6 Air Magic
 - Level 8.0 Earth Magic
 - Level 4.0 Poison Magic
 - Level 8.0 Invocations
 - Level 5.0 Evocations


You had 2 spell levels left.
You knew the following spells:

 Your Spells              Type           Power      Damage    Failure   Level
a - Magic Dart            Conj           100%       1d8       1%          1
b - Stone Arrow           Conj/Erth      100%       3d13      1%          3
d - Tukima's Dance        Hex            56%        N/A       1%          3
f - Freezing Cloud        Conj/Ice/Air   30%        6-21      10%         5
h - Ensorcelled Hibernat  Hex/Ice        100%       N/A       1%          2
m - Mephitic Cloud        Conj/Pois/Air  59%        N/A       1%          3
r - Cigotuvi's Dreadful   Necr/Pois/Air  58%        N/A       1%          2
s - Slow                  Hex            100%       N/A       1%          1
v - Poisonous Vapours     Pois/Air       72%        N/A       1%          2
B - Blink                 Tloc           40%        N/A       3%          2
C - Call Canine Familiar  Summ           45%        N/A       1%          3
I - Call Imp              Summ           90%        N/A       1%          2
L - Leda's Liquefaction   Hex/Erth       27%        N/A       1%          4
P - Passwall              Tmut/Erth      29%        N/A       1%          2

Your spell library contained the following spells:

 Spells                   Type           Power      Damage    Failure   Level
 Sandblast                Erth           100%       2d20      1%          1
 Shock                    Conj/Air       100%       1d9       1%          1
 Necrotise                Necr           60%        1d7       4%          1
 Sublimation of Blood     Necr           15%        N/A       6%          2
 Wereblood                Tmut           15%        N/A       6%          2
 Portal Projectile        Hex/Tloc       80%        N/A       1%          3
 Swiftness                Air            38%        N/A       1%          3
 Cause Fear               Hex            28%        N/A       1%          4
 Fulminant Prism          Conj/Hex       36%        3d17      1%          4
 Spider Form              Tmut/Pois      25%        N/A       4%          3
 Summon Ice Beast         Ice/Summ       42%        N/A       4%          4
 Airstrike                Air            19%        2d(3-19)  6%          4
 Anguish                  Hex/Necr       18%        N/A       6%          4
 Ignite Poison            Fire/Tmut/Pois 21%        N/A       7%          3
 Sticky Flame             Conj/Fire      51%        2d7       8%          4
 Vampiric Draining        Necr           15%        2d7       12%         3
 Ice Form                 Ice/Tmut       27%        N/A       13%         4
 Yara's Violent Unravell  Hex/Tmut       18%        3d9       16%         5
 Passage of Golubria      Tloc           20%        N/A       24%         4
 Enfeeble                 Hex            28%        N/A       58%         7
 Agony                    Necr           15%        N/A       67%         5
 Summon Hydra             Summ           22%        N/A       91%         7
 Death Channel            Necr           7%         N/A       99%         6
 Dragon Form              Tmut           7%         N/A       100%        7
 Ignition                 Fire           7%         3d5       100%        8
 Dragon's Call            Summ           22%        N/A       100%        9


Dungeon Overview and Level Annotations

Branches:
Dungeon (11/15)            Temple (1/1) D:5            Lair (5/5) D:11
 Shoals (0/4) Lair:3       Spider (0/4) Lair:2        Slime (0/5) Lair:4
    Orc (2/2) D:10            Elf (0/3) Orc:2         IceCv (visited)

Altars:
Ashenzari
Cheibriados
Dithmenos
Elyvilon
Fedhas
Gozag
Hepliaklqana
Kikubaaqudgha
Makhleb
Nemelex Xobeh
Okawaru
Qazlal
Ru
Sif Muna
Trog
Uskayaw
Vehumet
Wu Jian
Xom
Yredelemnul
Zin
The Shining One

Shops:
D:11 *   Orc:1 ?   Orc:2 [=[

Portals:
Hell: Lair:5

Annotations:
D:11 1 runed translucent door, anacleto's ghost, journeyman TrBe
Orc:2 Saint Roka


Message History

Aiming: Tukima's Dance (safe; 1% risk of failure)
Press: ? - help, Shift-Dir - straight line, f/p - orc warrior
Aim: an orc warrior, wielding a +0 arbalest and wearing a +0 chain mail (freezing vapour, severely wounded, strong, chance to affect: 73%)
The +0 arbalest dances into the air!
Saint Roka is engulfed in freezing vapours.
Saint Roka shoots a bolt.
The bolt hits you!
* * * LOW HITPOINT WARNING * * *
The orc warrior is engulfed in freezing vapours.
You kill the orc warrior!
Sif Muna accepts your kill.
The orc warrior is engulfed in freezing vapours.
You kill the orc warrior!
Sif Muna accepts your kill.
An orc wizard comes into view. It is wielding a +0 dagger.
An orc warrior comes into view. It is wielding a +0 long sword.
Your Ice Magic skill increases to level 5!
Saint Roka is engulfed in freezing vapours.
Saint Roka shoots a bolt.
You block the bolt.
You hear a shout!
There is a stone staircase leading up here.
Casting: Tukima's Dance (safe; 1% risk of failure)
Confirm with . or Enter, or press ? or * to list all spells.
Aiming: Tukima's Dance (safe; 1% risk of failure)
Press: ? - help, Shift-Dir - straight line, f - Saint Roka
Aim: Saint Roka, wielding a +0 arbalest and wearing a +2 chain mail of cold resistance (freezing vapour, lightly wounded, very poisoned, chance to affect: 23%) Saint Roka resists with almost no effort.
Saint Roka is engulfed in freezing vapours.
Saint Roka shoots a bolt.
The bolt hits you!!
Ouch! That really hurt!
* * * LOW HITPOINT WARNING * * *
You feel much better.
You feel less invigorated.
Saint Roka is engulfed in freezing vapours.
Saint Roka shoots a bolt.
The bolt hits you!
* * * LOW HITPOINT WARNING * * *
You hear a shout! x3
Saint Roka is engulfed in freezing vapours.
Saint Roka says, "In the orcish mines, orcs kill the likes of YOU!"
Saint Roka mumbles some strange prayers to Beogh against you.
Beogh smites you!
You die...

##...).()#..#..#.####<......
#...o☼§§○#..#..#####.#......
##..§.§§§##'#..##...........
#.....○..§.....#......#...##
##.............##..#.#....#
##.........[#.#######....[##
#........).....## #......#
#..........[....# ###......
##.#....#.)@[..#####.......#
####...)##...#.##..........
###....#[..)...)........#
##.....###[##.##........##
#......##.[.###.........#.
##......##..#.##.#..h...#.
##....###..........#...#.
###..##.#.............##
#......#.............#


You could see Saint Roka (very poisoned).

Vanquished Creatures
  Snorg (Orc:2)
  Fannar (Orc:1)
  7 hydras
  A death knight (D:9)
  Erica (Lair:2)
  2 two-headed ogres
  4 death yaks
  2 skysharks (Lair:5)
  A sixfirhy (Lair:5)
  A wizard (Lair:5)
  A necromancer (IceCv)
  An ugly thing (IceCv)
  2 manticores (D:11)
  An ice statue (IceCv)
  A merfolk siren (Lair:3)
  2 black mambas
  An orange demon (Lair:5)
  A torpor snail (Lair:1)
  2 unseen horrors (D:11)
  5 kobold demonologists
  4 freezing wraiths (IceCv)
  2 rime drakes (Lair:5)
  13 cane toads
  16 ice devils
  An anaconda simulacrum (IceCv)
  13 komodo dragons
  5 trolls
  2 red devils (Lair:5)
  3 polar bears
  A hellwing (Lair:5)
  3 merfolk (Lair:3)
  28 blink frogs
  6 dream sheep
  2 jumping spiders (Lair:2)
  2 culicivoras (Lair:2)
  2 dire elephant simulacra (IceCv)
  6 wyverns
  4 fire bats (D:11)
  67 yaks
  3 basilisks
  3 redbacks (Lair:2)
  2 steam dragons
  5 death yak simulacra (IceCv)
  A harpy simulacrum (IceCv)
  A warg (Orc:2)
  A hydra simulacrum (IceCv)
  12 water moccasins
  An acid dragon (D:11)
  4 hell hounds
  21 orc warriors
  3 black bears
  8 wolves
  A sky beast (D:7)
  3 centaurs
  2 ogres
  A kobold brigand (D:6)
  9 bullfrogs
  3 scorpions
  A two-headed ogre simulacrum (IceCv)
  3 cane toad simulacra (IceCv)
  16 killer bees
  10 elephant simulacra (IceCv)
  2 lava snakes (D:11)
  A jelly (D:7)
  3 hounds
  12 orc priests
  Ijyb (D:3)
  2 sleepcaps
  A gnoll bouda (D:8)
  Natasha (thrice) (D:2)
  4 iguanas
  13 orc wizards
  A polar bear simulacrum (IceCv)
  A spriggan simulacrum (IceCv)
  A troll simulacrum (IceCv)
  A wolf simulacrum (IceCv)
  15 gnolls
  5 adders
  A naga simulacrum (IceCv)
  A shadow imp (D:8)
  13 white imps
  2 ufetubi (IceCv)
  4 worms
  3 dart slugs
  66 orcs
  5 ball pythons (D:1)
  7 endoplasms
  2 giant cockroaches
  6 goblins
  7 hobgoblins
  4 jackals
  12 kobolds
  3 quokkas
  4 bats
  3 frilled lizards
  6 rats
  3 fire vortices (D:11)
550 creatures vanquished.

Vanquished Creatures (collateral kills)
  A basilisk (Lair:2)
  2 black bears (D:5)
  2 hounds
  A jelly (D:6)
  2 orc priests (Orc:1)
  2 sleepcaps
  2 iguanas
  3 orc wizards
  2 gnolls (D:7)
  2 adders
  2 shadow imps
  4 orcs
  2 kobolds (D:6)
27 creatures vanquished.

Vanquished Creatures (others)
  2 dancing weapons
  A kobold (D:10)
  A quokka (D:10)
4 creatures vanquished.

Grand Total: 581 creatures vanquished

Notes
Turn   | Place    | Note
-------+----------+-------------------------------------------
     0 | D:1      | Cheops the Deep Elf Hedge Wizard began the quest for the
                  | Orb.
     0 | D:1      | Reached XP level 1. HP: 10/10 MP: 7/7
   221 | D:1      | Reached XP level 2. HP: 12/15 MP: 0/9
   330 | D:1      | Reached skill level 5 in Spellcasting
   404 | D:1      | Reached skill level 3 in Dodging
   810 | D:1      | Found a faded altar of an unknown god.
  1326 | D:1      | Learned a level 2 spell: Call Imp
  1328 | D:1      | Learned a level 1 spell: Slow
  1331 | D:1      | Learned a level 2 spell: Blink
  1334 | D:1      | Learned a level 2 spell: Cigotuvi's Dreadful Rot
  1429 | D:2      | Noticed Natasha
  1588 | D:2      | Reached XP level 3. HP: 17/19 MP: 3/11
  1659 | D:2      | Learned a level 3 spell: Call Canine Familiar
  1682 | D:2      | Killed Natasha
  1805 | D:1      | Reached XP level 4. HP: 9/24 MP: 7/13
  1948 | D:2      | Reached skill level 4 in Dodging
  2077 | D:2      | Noticed Natasha
  2082 | D:2      | Killed Natasha
  2083 | D:2      | Reached XP level 5. HP: 28/28 MP: 9/14
  2265 | D:2      | Noticed Natasha
  2270 | D:2      | Killed Natasha
  2727 | D:1      | Found a faded altar of an unknown god.
  4508 | D:3      | Noticed Ijyb
  4523 | D:3      | Killed Ijyb
  4524 | D:3      | Reached XP level 6. HP: 28/32 MP: 1/15
  4894 | D:3      | Learned a level 3 spell: Mephitic Cloud
  5097 | D:4      | Found a hide-covered altar of Uskayaw.
  5111 | D:4      | Reached skill level 5 in Dodging
  5176 | D:4      | Found a blossoming altar of Fedhas.
  5715 | D:4      | Identified the +5 scale mail of the Smoking Gods {Rampage}
  6272 | D:4      | Reached skill level 6 in Dodging
  6678 | D:4      | Reached skill level 1 in Air Magic
  6678 | D:4      | Reached skill level 1 in Poison Magic
  6678 | D:4      | Reached XP level 7. HP: 32/36 MP: 4/16
  7374 | D:4      | Found a hide-covered altar of Uskayaw.
  7435 | D:4      | Found a blossoming altar of Fedhas.
  7645 | D:4      | Learned a level 2 spell: Passwall
  7690 | D:5      | Entered Level 5 of the Dungeon
  8332 | D:5      | Identified the +1 robe "Dixirch" {Dex+2 Slay+2}
  9094 | D:5      | Found a staircase to the Ecumenical Temple.
  9145 | D:5      | Reached skill level 5 in Conjurations
  9205 | D:5      | Found a staircase to the Ecumenical Temple.
  9364 | D:5      | Reached skill level 7 in Dodging
  9364 | D:5      | Reached XP level 8. HP: 40/41 MP: 8/18
  9565 | D:5      | Learned a level 2 spell: Poisonous Vapours
 10092 | D:6      | Reached skill level 8 in Dodging
 11714 | Temple   | Entered the Ecumenical Temple
 11775 | Temple   | Became a worshipper of Sif Muna the Loreminder
 11941 | D:7      | Reached skill level 9 in Dodging
 12055 | D:6      | Reached skill level 1 in Earth Magic
 12378 | D:7      | Learned a level 3 spell: Stone Arrow
 12426 | D:7      | Reached XP level 9. HP: 45/45 MP: 9/21
 12640 | D:7      | Found an ancient bone altar of Kikubaaqudgha.
 13207 | D:7      | Found an ancient bone altar of Kikubaaqudgha.
 13666 | D:7      | Found an ancient bone altar of Kikubaaqudgha.
 14728 | D:8      | Reached skill level 5 in Earth Magic
 14951 | D:8      | Reached skill level 10 in Dodging
 15073 | D:8      | Found a broken altar of Ashenzari.
 15143 | D:8      | Noticed a troll
 15378 | D:8      | Killed a troll
 15559 | D:8      | Found a broken altar of Ashenzari.
 16580 | D:9      | Found a shimmering altar of Xom.
 16759 | D:9      | Reached skill level 11 in Dodging
 16894 | D:9      | Noticed a death knight
 16915 | D:9      | Reached XP level 10. HP: 50/50 MP: 5/22
 16949 | D:9      | Killed a death knight
 16950 | D:9      | Reached skill level 12 in Dodging
 17047 | D:9      | Found a bloodstained altar of Trog.
 17140 | D:9      | Reached * piety under Sif Muna
 17233 | D:9      | Got the Guidebook on Last Rites and Angles
 17315 | D:9      | Found an iron altar of Okawaru.
 17985 | D:9      | Found a shimmering altar of Xom.
 18100 | D:9      | Found an iron altar of Okawaru.
 18208 | D:9      | Found a bloodstained altar of Trog.
 18575 | D:10     | Entered Level 10 of the Dungeon
 19388 | D:10     | Reached skill level 13 in Dodging
 19677 | D:10     | Noticed a two-headed ogre
 19703 | D:10     | Killed a two-headed ogre
 19939 | D:10     | Found a burning altar of Makhleb.
 20085 | D:10     | Reached skill level 14 in Dodging
 20085 | D:10     | Reached skill level 1 in Invocations
 20087 | D:10     | Noticed an orange demon
 20097 | D:10     | Noticed a rust devil
 20098 | D:10     | Found a white marble altar of Elyvilon.
 20180 | D:10     | Reached XP level 11. HP: 54/54 MP: 7/25
 20377 | D:10     | Noticed a sixfirhy
 20707 | D:10     | Found a staircase to the Orcish Mines.
 20793 | D:10     | Found a burning altar of Makhleb.
 21118 | D:10     | Found a staircase to the Orcish Mines.
 21151 | D:10     | Found a white marble altar of Elyvilon.
 21662 | D:11     | Reached skill level 5 in Invocations
 22313 | D:11     | Found Receig's Assorted Antiques.
 22316 | D:11     | Bought a scroll of identify for 50 gold pieces
 22316 | D:11     | Bought a bubbling coppery potion for 22 gold pieces
 22316 | D:11     | Bought a shiny silver wand for 100 gold pieces
 22351 | D:11     | Noticed a two-headed ogre
 22776 | D:11     | Found a staircase to the Lair.
 22868 | D:11     | Killed a two-headed ogre
 23139 | D:11     | Reached skill level 15 in Dodging
 23181 | D:11     | Learned a level 2 spell: Ensorcelled Hibernation
 23183 | D:11     | Found a runed translucent door.
 23185 | D:11     | Noticed a flayed ghost
 23185 | D:11     | Noticed anacleto's ghost (journeyman TrBe)
 23690 | D:11     | Found Receig's Assorted Antiques.
 23849 | D:11     | Found a staircase to the Lair.
 24252 | Lair:1   | Entered Level 1 of the Lair of Beasts
 24286 | Lair:1   | Found a frozen archway.
 24300 | Lair:1   | Reached skill level 1 in Ice Magic
 24339 | IceCv    | Entered an ice cave
 24887 | IceCv    | Reached ** piety under Sif Muna
 25426 | IceCv    | Reached XP level 12. HP: 59/59 MP: 15/27
 25431 | IceCv    | Learned a level 4 spell: Leda's Liquefaction
 25520 | IceCv    | Found an ancient bone altar of Kikubaaqudgha.
 26656 | IceCv    | Reached skill level 16 in Dodging
 27473 | Lair:1   | Reached skill level 17 in Dodging
 27829 | Lair:1   | Reached *** piety under Sif Muna
 28571 | Lair:1   | Learned a level 3 spell: Tukima's Dance
 28758 | Lair:2   | Noticed a five-headed hydra
 28765 | Lair:2   | Killed a five-headed hydra
 28766 | Lair:2   | Reached skill level 1 in Shields
 28766 | Lair:2   | Reached skill level 10 in Spellcasting
 29063 | Lair:2   | Reached skill level 1 in Hexes
 29383 | Lair:2   | Reached XP level 13. HP: 63/63 MP: 17/29
 29646 | Lair:2   | Identified the +1 leather armour of Efaymu {Int+3}
 29719 | Lair:2   | Found a hole to the Spider Nest.
 29722 | Lair:2   | Noticed Erica
 29725 | Lair:2   | Paralysed by Erica for 2 turns
 29802 | Lair:2   | Killed Erica
 29803 | Lair:2   | Reached skill level 18 in Dodging
 30779 | Lair:2   | Found a hole to the Spider Nest.
 31512 | Lair:2   | Found a hole to the Spider Nest.
 32208 | Lair:3   | Reached skill level 5 in Hexes
 33284 | Lair:3   | Reached **** piety under Sif Muna
 33416 | Lair:3   | Found a staircase to the Shoals.
 33740 | Lair:3   | Found a staircase to the Shoals.
 34887 | Lair:4   | Found a staircase to the Slime Pits.
 35273 | Lair:3   | Found a staircase to the Shoals.
 35919 | Lair:3   | Found a staircase to the Shoals.
 36669 | Lair:4   | Reached skill level 5 in Summonings
 37476 | Lair:4   | Found a staircase to the Slime Pits.
 37852 | Lair:5   | Entered Level 5 of the Lair of Beasts
 38233 | Lair:5   | Reached XP level 14. HP: 68/68 MP: 4/31
 38554 | Lair:4   | Reached skill level 19 in Dodging
 39322 | Lair:5   | Reached skill level 1 in Evocations
 39927 | Lair:5   | Identified the +1 dagger of Deptoimo {drain, rElec Str-5
                  | Dex+6}
 40647 | Lair:5   | Found a burning altar of Makhleb.
 40660 | Lair:5   | Reached skill level 5 in Evocations
 40818 | Lair:5   | Learned a level 5 spell: Freezing Cloud
 41222 | Lair:5   | Found a gateway to Hell.
 41493 | Orc:1    | Entered Level 1 of the Orcish Mines
 41632 | Orc:1    | Noticed Fannar
 41647 | Orc:1    | Killed Fannar
 41843 | Orc:1    | Found Atebikhlaick's Magic Scroll Shop.
 41847 | Orc:1    | Bought a scroll of identify for 34 gold pieces
 41848 | Orc:1    | Bought a scroll of brand weapon for 161 gold pieces
 41933 | Orc:2    | Entered Level 2 of the Orcish Mines
 41933 | Orc:2    | Found Qedemafu's Jewellery Shoppe.
 41941 | Orc:2    | Reached ***** piety under Sif Muna
 42164 | Orc:2    | Noticed Snorg
 42170 | Orc:2    | Killed Snorg
 42762 | Orc:2    | Found Tejasut's Armour Shop.
 42836 | Orc:2    | Found a staircase to the Elven Halls.
 42894 | Orc:2    | Received a gift from Sif Muna
 42895 | Orc:2    | Got Metohys's Anthology of Glamour and the Winter {god
                  | gift}
 43209 | Orc:2    | Found Detinaepp's Armour Shoppe.
 43539 | Orc:2    | Noticed Saint Roka
 43785 | Orc:2    | Reached skill level 5 in Ice Magic
 43789 | Orc:2    | Killed from afar by Saint Roka

Illustrated notes

Levels and vault maps discovered:
D:1:      minmay_arrival_checkered_box, layout_loops_ring,
          ebering_ecumenical_altar_box
D:2:      cheibrodos_pilgrimage, layout_basic, small_statue_intersection,
          uniq_natasha
D:3:      layout_rooms, minmay_between, uniq_ijyb
D:4:      layout_basic, fedhas_altar_4, mainiacjoe_overflow_alcove_1,
          minmay_misc_feat_enclosed, due_unseen_surprise
D:5:      layout_rooms, temple_doors_ab, minmay_strange_pillars,
          grunt_ministairs_10
D:6:      layout_basic
D:7:      layout_cave_pools, kiku_gazebo_garden_becter, dreamdust_gnoll_farm
D:8:      layout_basic, lemuel_round_altar, amcnicky_mini_rare_corridor_liquid
D:9:      layout_basic, mainiacjoe_overflow_surrounded_room,
          mainiacjoe_overflow_24_doors, kennysheep_mini_moat,
          serial_corexii_hall, chequers_hall_statues_corner_a,
          chequers_hall_statues_corner_a, kennysheep_generic_room_9
D:10:     layout_loops_ring, elyvilon_altar_4, amcnicky_altar_gilded,
          hiddenorc1_lemuel
D:11:     layout_loops_corners, lair_entry_dummy, serial_shops,
          nicolae_shop_tiny_real_fake_doors, ebering_ghost_inner_flame,
          hangedman_incinerator
Temple:   nicolae_temple_god_jail
Lair:1:   layout_loops_ring, portal_ice_cave_entry_imps, guppyfry_lair_drakes
Lair:2:   layout_gridlike, nicolae_spider_entry_tight_spaces, uniq_erica
Lair:3:   layout_big_grid, elwin_shoals_entry_stream
Lair:4:   layout_gridlike, slime_entry_1, serial_bayou_shore_b,
          grunt_megastairs_5
Lair:5:   evil_forest, layout_misc_corridors
Orc:1:    layout_caves, serial_shops, shop_scrolls, uniq_fannar
Orc:2:    grunt_orc_community_town_hall, layout_caves,
          grunt_orc_community_big_house_2, grunt_orc_community_big_house_1,
          grunt_orc_community_house_3, grunt_orc_community_house_3,
          grunt_orc_community_house_2, grunt_orc_community_house_1,
          grunt_orc_community_house_1, serial_shops, shop_fountains,
          minmay_shop_enchanted_jewellery, uniq_snorg

Skill      XL: |  1  2  3  4  5  6  7  8  9 10 11 12 13 14 |
---------------+-------------------------------------------+-----
Spellcasting   | 5 7 8 9 10 11 12 | 12.0
Dodging        | 3 4 6 7 9 11 14 15 17 18 19 | 19.7
Conjurations   | 2 3 4 5 6 7 8 |  8.0
Summonings     | 3 4 6 |  6.1
Air Magic      | 1 2 3 4 |  4.6
Poison Magic   | 1 3 4 |  4.0
Earth Magic    | 2 6 7 8 |  8.0
Invocations    | 2 8 |  8.0
Ice Magic      | 3 5 |  5.0
Shields        | 1 4 |  4.0
Hexes          | 2 9 |  9.0
Evocations     | 5 |  5.0
Stealth        | |  2.4
Translocations | |  1.1

Action                     |  1- 3 |  4- 6 |  7- 9 | 10-12 | 13-15 || total
---------------------------+-------+-------+-------+-------+-------++-------
  Melee: Staff             |     5 |     1 |    45 |    23 |     7 ||    81
         Dagger            |       |       |       |       |    11 ||    11
   Cast: Magic Dart        |    81 |   188 |   216 |   114 |   176 ||   775
         Call Canine Famil |     1 |     5 |    20 |     5 |     5 ||    36
         Call Imp          |     1 |     2 |     9 |       |     2 ||    14
         Mephitic Cloud    |       |     2 |    11 |     2 |     8 ||    23
         Slow              |       |     1 |    14 |       |     2 ||    17
         Poisonous Vapours |       |       |    62 |    26 |     1 ||    89
         Stone Arrow       |       |       |    22 |   380 |   537 ||   939
         Ensorcelled Hiber |       |       |       |     7 |    13 ||    20
         Leda's Liquefacti |       |       |       |     1 |     9 ||    10
         Tukima's Dance    |       |       |       |       |     8 ||     8
         Freezing Cloud    |       |       |       |       |     6 ||     6
 Invoke: Channel Magic     |       |       |       |    10 |     8 ||    18
  Evoke: Wand              |       |     1 |     6 |     6 |     2 ||    15
    Use: Scroll            |     4 |     1 |     6 |     9 |     9 ||    29
         Potion            |       |       |       |     3 |     1 ||     4
   Stab: Sleeping          |       |       |       |       |     1 ||     1
 Armour: Robe              |     3 |    21 |    44 |    51 |     1 ||   120
         Leather armour    |       |       |       |       |    81 ||    81
  Dodge: Dodged            |    18 |    37 |   146 |   266 |   288 ||   755
  Block: Buckler           |       |       |       |       |   110 ||   110
